 Dungeon Sprint DCSS version 0.30-a0-989-g0d87f670db (webtiles) character file.

Game seed: 8188003621575306166

7337 NinjaNoafa the Blocker (level 10, -1/86 HPs)
             Began as an Armataur Warper on Apr 3, 2023.
             Was the Champion of Cheibriados.
             Slain by a merfolk
             ... wielding a +0 trident
              (3 damage)
             ... in the Dungeon (Sprint V: "Ziggurat Sprint").
             The game lasted 00:06:37 (698 turns).

NinjaNoafa the Blocker (Armataur Warper)             Turns: 698, Time: 00:06:37

Health: -1/86      AC:  7    Str: 52    XL:     10   Next: 90%
Magic:  15/21      EV: 17    Int: 30    God:    Cheibriados [******]
Gold:   0          SH: 18    Dex: 24    Spells: 15/24 levels left

rFire   . . .      SeeInvis .    a - +6 shillelagh "Devastator" {shatter}
rCold   + . .      Faith    .    j - +3 kite shield
rNeg    . . .      Spirit   .    r - +2 leather armour "Juxiwk" {Will+ Str+2 Stlth+}
rPois   .          Reflect  .    (no helmet)
rElec   .          Roll     +    (no cloak)
rCorr   .          NoTele   +    (no gloves)
Will    +....                    (no barding)
Stlth   ++++                     x - amulet of the acrobat
HPRegen 0.34/turn                b - ring of Ufeolout {Fly rF+ rC+ Str+6 Stlth+}
MPRegen 0.17/turn                g - ring of Ubuhiv {rF- EV+5 Str+9}

@: flying, very slow
A: large, rugged brown scales 3, deformed body, armoured tail, roll, long
tongue, awkward tongue
a: Renounce Religion, Bend Time, Temporal Distortion, Slouch, Step From Time


You were in the Dungeon.
You worshipped Cheibriados.
Cheibriados was exalted by your worship.
You visited 1 branch

Inventory:

Hand Weapons
 a - the +6 shillelagh "Devastator" (weapon) {shatter}
   (You found it in the Dungeon)
Missiles
 d - 7 boomerangs of dispersal
Armour
 j - a +3 kite shield (worn)
 r - the +2 leather armour "Juxiwk" (worn) {Will+ Str+2 Stlth+}
   (You found it in the Dungeon)

   Str:       It affects your strength (+2).
   Will:      It increases your willpower.
   Stlth:     It makes you more stealthy.
Jewellery
 b - the ring of Ufeolout (left hand) {Fly rF+ rC+ Str+6 Stlth+}
   (You found it in the Dungeon)

   [ring of protection from cold]

   Str:       It affects your strength (+6).
   rF:        It protects you from fire.
   rC:        It protects you from cold.
   Fly:       It grants you flight.
   Stlth:     It makes you more stealthy.
 g - the ring of Ubuhiv (right hand) {rF- EV+5 Str+9}
   (You found it in the Dungeon)

   [ring of evasion]

   EV:        It affects your evasion (+5).
   Str:       It affects your strength (+9).
   rF:        It makes you vulnerable to fire.
 x - an amulet of the acrobat (around neck)
Wands
 t - a wand of mindburst (7)
 u - a wand of iceblast (5)
 v - a wand of acid (7)
Scrolls
 c - 4 scrolls of blinking
 k - 4 scrolls of amnesia
 l - 7 scrolls of fog
 m - 5 scrolls of identify
 n - 2 scrolls of fear
 w - a scroll of brand weapon
Potions
 e - 8 potions of curing
 f - 6 potions of heal wounds
 h - 7 potions of magic
 i - 2 potions of berserk rage
 o - 2 potions of brilliance
 p - 2 potions of invisibility
 q - 3 potions of resistance
 s - 4 potions of might
Miscellaneous
 D - a lightning rod (4/4)


   Skills:
 + Level 5.0 Fighting
 + Level 11.8 Maces & Flails
 - Level 0.8 Throwing
 - Level 6.0 Armour
 + Level 4.2 Dodging
 + Level 13.8 Shields
 + Level 7.5 Spellcasting
 - Level 8.0 Translocations
 + Level 7.7 Air Magic
 - Level 8.0 Invocations
 + Level 8.0 Evocations


You had 15 spell levels left.
You knew the following spells:

 Your Spells              Type           Power      Damage    Failure   Level
a - Blink                 Tloc           100%       N/A       1%          2
b - Vhi's Electric Charg  Tloc/Air       100%       N/A       1%          3
c - Manifold Assault      Tloc           56%        N/A       3%          4

Your spell library contained the following spells:

 Spells                   Type           Power      Damage    Failure   Level
 Shock                    Conj/Air       100%       1d9       1%          1
 Lesser Beckoning         Tloc           100%       N/A       1%          2
 Swiftness                Air            55%        N/A       1%          3
 Teleport Other           Tloc           56%        N/A       1%          3
 Momentum Strike          Conj/Tloc      70%        3d9       2%          2
 Static Discharge         Conj/Air       68%        2-5/arc   2%          2
 Portal Projectile        Hex/Tloc       70%        N/A       4%          3
 Kiss of Death            Conj/Necr      44%        2d8       8%          1
 Necrotise                Necr           44%        1d6       8%          1
 Sandblast                Erth           22%        2d7       8%          1
 Ensorcelled Hibernation  Hex/Ice        22%        N/A       12%         2
 Passwall                 Tmut/Erth      9%         N/A       12%         2
 Scorch                   Fire           22%        2d6       12%         2
 Confusing Touch          Hex            11%        N/A       24%         3
 Inner Flame              Hex/Fire       11%        N/A       24%         3
 Spider Form              Tmut/Pois      11%        N/A       24%         3
 Stone Arrow              Conj/Erth      22%        3d8       24%         3
 Summon Guardian Golem    Hex/Summ       11%        N/A       24%         3
 Animate Dead             Necr           11%        N/A       61%         4
 Cause Fear               Hex            5%         N/A       61%         4
 Leda's Liquefaction      Hex/Erth       5%         N/A       61%         4
 Sticky Flame             Conj/Fire      11%        2d3       61%         4
 Yara's Violent Unravell  Hex/Tmut       5%         3d4       91%         5
 Simulacrum               Ice/Necr       5%         N/A       100%        6
 Statue Form              Tmut/Erth      7%         N/A       100%        6
 Borgnjor's Revivificati  Necr           5%         N/A       100%        8
 Discord                  Hex            5%         N/A       100%        8
 Lehudib's Crystal Spear  Conj/Erth      5%         10d3      100%        8
 Chain Lightning          Conj/Air       17%        3d22      100%        9


Dungeon Overview and Level Annotations

Branches:
Dungeon (1/1)

Altars:
Ashenzari
Cheibriados
Dithmenos
Elyvilon
Fedhas
Gozag
Hepliaklqana
Kikubaaqudgha
Makhleb
Nemelex Xobeh
Okawaru
Qazlal
Ru
Sif Muna
Trog
Uskayaw
Vehumet
Wu Jian
Xom
Yredelemnul
Zin
The Shining One
Jiyva
Lugonu

Annotations:
D 1 transporter


Innate Abilities, Weirdness & Mutations

You are completely covered in rugged brown scales. (AC +3, +7% HP)
Armour fits poorly on your strangely shaped body.
You have a long armoured tail.
You roll when moving toward enemies. (Rampage)
Your long tongue fully drains potion bottles. (2x potion effects)
Your tongue gives you trouble enunciating. (1.5x scroll delay)


Message History

Press: ? - help, Dir - move target, f - centaur
Aim: a centaur (93% to hit)
You charge forward with an electric crackle!
You thump the centaur and electrocute it!
The centaur shudders.
You kill the centaur!
Cheibriados appreciates the change of pace.
The centaur shoots an arrow.
The arrow barely misses you.
The merfolk hits you from afar with a +0 trident!!
The merfolk misses you. You block the wind drake's attack.
The centaur shoots an arrow.
You block the arrow.
The merfolk hits you from afar with a +0 trident.
You block the merfolk's attack. The merfolk closely misses you.
The wind drake misses you. You block the merfolk's attack.
Unknown command.
Casting: Vhi's Electric Charge (safe; 1% risk of failure)
Confirm with . or Enter, or press ? or * to list all spells.
Charge where?
Press: ? - help, Dir - move target, f - centaur
Aim: a centaur, wielding a +0 shortbow (93% to hit)
You charge forward with an electric crackle!
You bludgeon the centaur and electrocute it!!
The merfolk shudder.
The merfolk is moderately wounded. x2
The merfolk is heavily wounded.
You kill the centaur!
Cheibriados thoroughly appreciates the change of pace.
The centaur shoots an arrow.
You block the arrow. The wind drake flaps its wings at you.
The air twists around and strikes you!!
* * * LOW HITPOINT WARNING * * *
You block the merfolk's attack. x2; The merfolk barely misses you.
The centaur shoots an arrow.
The arrow barely misses you.
The arrow hits the merfolk!
The wind drake misses you. The merfolk closely misses you.
The merfolk throws a silver boomerang.
The silver boomerang hits you!!
* * * LOW HITPOINT WARNING * * *
* * * LOW HITPOINT WARNING * * *
The merfolk hits you with a +0 trident.
You die...

▓......††.▓.......▓
▓.▓....†▓.▓.▓...▓.▓
▓....©....▓...©...▓
▓▓▓▓▓▓▓▓▓▓▓▓▓▓▓▓▓▓▓
▓...8©8...▓..8©8..▓
▓..)[)=?..▓..[....▓
▓...)))...▓.)..)..▓
▓...mmkm).▓))=)...▓
▓...)@☼§..▓...)...▓
▓....m°c..▓.......▓
▓....°....▓.......▓
▓.▓.....▓.▓.▓...▓.▓
▓....©....▓...©...▓
▓▓▓▓▓▓▓▓▓▓▓▓▓▓▓▓▓▓▓


You could see a wind drake (repels missiles), 4 merfolk and a centaur.

Vanquished Creatures
  A red draconian (D)
  A thrashing horror (D)
  A wretched star (D)
  2 deep elf archers (D)
  A deep elf pyromancer (D)
  A deep elf zephyrmancer (D)
  5 draconians (D)
  A cane toad (D)
  A tarantella (D)
  A jumping spider (D)
  A basilisk (D)
  A water moccasin (D)
  A hell hound (D)
  A floating eye (D)
  2 centaurs (D)
  A bullfrog (D)
  3 scorpions (D)
  2 quasits (D)
  A jelly (D)
  3 iguanas (D)
  An iron imp (D)
  2 adders (D)
  A river rat (D)
  A white imp (D)
  An ufetubus (D)
  A ball python (D)
38 creatures vanquished.

Vanquished Creatures (others)
  A crimson imp (D)
1 creature vanquished.

Grand Total: 39 creatures vanquished

Notes
Turn   | Place    | Note
-------+----------+-------------------------------------------
     0 | D        | NinjaNoafa the Armataur Warper began the quest for the Orb.
     0 | D        | Reached XP level 1. HP: 18/18 MP: 3/3
     0 | D        | Found a blossoming altar of Fedhas.
     0 | D        | Found the +6 Majin-Bo {spellvamp, MP+6 Int+6}
     0 | D        | Found the +27 heavy crossbow "Sniper" {heavy, Acc+∞ SInv}
     0 | D        | Found the +10 dark maul {heavy}
     0 | D        | Found the +15 Maxwell's patent armour {-Cast -Tele rElec
                  | Will+ rCorr}
     0 | D        | Found the +18 shield of the Gong {Loud rN+ Will+ rCorr
                  | EV-5}
     0 | D        | Found the +16 obsidian axe {drain, demonic, Mesm Drain Fly
                  | SInv}
     0 | D        | Found the +7 great mace "Firestarter" {flame, inner flame,
                  | rFlCloud rF++}
     0 | D        | Found the +6 shillelagh "Devastator" {shatter}
     0 | D        | Found the +11 plutonium sword {Contam Stlth-}
     0 | D        | Found the +8 lance "Wyrmbane" {slay drac, rPois rF+ rC+
                  | AC+3}
     0 | D        | Found the +9 sword of Zonguldrok {reap}
     0 | D        | Found the +13 scythe of Curses {drain, curses, Drain}
     0 | D        | Found the +9 sword of Power {lifebolt}
     0 | D        | Found the +7 mace of Variability {chaos, chain chaos}
     0 | D        | Found the +11 Singing Sword {sonic wave}
     0 | D        | Found the +8 storm bow {elec, penet}
    10 | D        | Found a viscous altar of Jiyva.
    10 | D        | Found a hazy altar of Hepliaklqana.
    10 | D        | Found a transporter.
    10 | D        | Found an opulent altar of Gozag.
    10 | D        | Found an ancient bone altar of Kikubaaqudgha.
    10 | D        | Found a corrupted altar of Lugonu.
    12 | D        | Found a burning altar of Makhleb.
    13 | D        | Found a sacrificial altar of Ru.
    13 | D        | Found a shimmering blue altar of Sif Muna.
    13 | D        | Found a stormy altar of Qazlal.
    13 | D        | Found a bloodstained altar of Trog.
    13 | D        | Found an iron altar of Okawaru.
    13 | D        | Found a sparkling altar of Nemelex Xobeh.
   103 | D        | Became a worshipper of Cheibriados the Contemplative
   111 | D        | Entered arena 2.
   111 | D        | Noticed a floating eye
   111 | D        | Noticed a jelly
   111 | D        | Found a transporter.
   113 | D        | Paralysed by a floating eye for 2 turns
   116 | D        | Killed a jelly
   116 | D        | Killed a floating eye
   116 | D        | Reached * piety under Cheibriados
   117 | D        | Reached skill level 7 in Shields
   117 | D        | Reached XP level 2. HP: 22/25 MP: 4/4
   117 | D        | Reached XP level 3. HP: 27/31 MP: 5/5
   117 | D        | Reached XP level 4. HP: 33/38 MP: 6/6
   121 | D        | Got the Encyclopedia of the Petrous Inferno
   134 | D        | Learned a level 2 spell: Blink
   134 | D        | Reached skill level 9 in Shields
   134 | D        | Reached skill level 5 in Translocations
   134 | D        | Reached XP level 5. HP: 43/43 MP: 6/11
   134 | D        | Reached XP level 6. HP: 51/51 MP: 6/12
   181 | D        | Entered arena 3.
   181 | D        | Noticed a hell hound
   181 | D        | Found a transporter.
   184 | D        | Reached ** piety under Cheibriados
   184 | D        | Killed a hell hound
   185 | D        | Reached XP level 7. HP: 35/56 MP: 13/13
   258 | D        | Entered arena 4.
   258 | D        | Noticed a deep elf archer
   258 | D        | Noticed a deep elf pyromancer
   258 | D        | Noticed a deep elf archer
   258 | D        | Noticed a deep elf zephyrmancer
   258 | D        | Found a transporter.
   263 | D        | Killed a deep elf zephyrmancer
   263 | D        | Reached *** piety under Cheibriados
   264 | D        | Reached skill level 5 in Spellcasting
   264 | D        | Reached skill level 5 in Air Magic
   264 | D        | Reached skill level 5 in Invocations
   264 | D        | Reached skill level 5 in Evocations
   264 | D        | Reached XP level 8. HP: 47/64 MP: 13/15
   270 | D        | Killed a deep elf archer
   271 | D        | Reached skill level 10 in Shields
   272 | D        | Killed a deep elf pyromancer
   272 | D        | Reached **** piety under Cheibriados
   273 | D        | Reached skill level 11 in Shields
   276 | D        | Killed a deep elf archer
   277 | D        | Reached skill level 10 in Maces & Flails
   277 | D        | Reached skill level 12 in Shields
   277 | D        | Reached XP level 9. HP: 57/71 MP: 15/18
   280 | D        | Got the Encyclopedia of the Graveyard
   284 | D        | Got the Anthology of Lightning
   289 | D        | Learned a level 3 spell: Vhi's Electric Charge
   294 | D        | Learned a level 4 spell: Manifold Assault
   311 | D        | Entered arena 5.
   311 | D        | Found a transporter.
   314 | D        | Reached ***** piety under Cheibriados
   330 | D        | Entered arena 6.
   330 | D        | Found a transporter.
   340 | D        | Reached ****** piety under Cheibriados
   347 | D        | Got the ring of Ubuhiv {rF- EV+5 Str+9}
   402 | D        | Entered arena 7.
   402 | D        | Noticed a wretched star
   402 | D        | Noticed a thrashing horror
   403 | D        | Found a transporter.
   417 | D        | Killed a wretched star
   418 | D        | Reached skill level 13 in Shields
   424 | D        | Killed a thrashing horror
   425 | D        | Reached XP level 10. HP: 82/82 MP: 5/20
   459 | D        | Got Nutzeratry's Almanac of the Blink Frog and Topography
   461 | D        | Got the Treatise on the Ruinous Xenotype
   468 | D        | Entered arena 8.
   468 | D        | Noticed a draconian
   468 | D        | Noticed a draconian
   468 | D        | Noticed a draconian
   468 | D        | Noticed a draconian
   468 | D        | Noticed a draconian
   468 | D        | Noticed a red draconian
   469 | D        | Found a transporter.
   476 | D        | Killed a draconian
   476 | D        | Killed a red draconian
   477 | D        | Reached skill level 5 in Armour
   484 | D        | Killed a draconian
   485 | D        | Killed a draconian
   486 | D        | Killed a draconian
   487 | D        | Killed a draconian
   567 | D        | Got the ring of Ufeolout {Fly rF+ rC+ Str+6 Stlth+}
   579 | D        | Got Wuritt's Octavo of Charming Frost
   584 | D        | Entered arena 9.
   584 | D        | Noticed a cane toad
   585 | D        | Found a transporter.
   595 | D        | Killed a cane toad
   598 | D        | Reached skill level 5 in Fighting
   607 | D        | Got the Quarto of Ghastly Maleficia
   621 | D        | Got the +0 ring mail of Anarchy {rElec}
   637 | D        | Got the +2 leather armour "Juxiwk" {Will+ Str+2 Stlth+}
   695 | D        | Entered arena 10.
   696 | D        | Found a transporter.
   698 | D        | HP: 2/86 [merfolk/silver boomerang (7)]
   698 | D        | Slain by a merfolk

Illustrated notes

Levels and vault maps discovered:
D:        sprint_v [room_start, room_1, room_2, room_3, room_4, room_5, room_6,
          room_7, room_8, room_9, room_10, room_11, room_12, room_13, room_14,
          room_15, room_16, room_17, room_18, room_19, room_20, room_21,
          room_22, room_23, room_24, room_25, room_26, room_27]

Skill      XL: |  1  2  3  4  5  6  7  8  9 10 |
---------------+-------------------------------+-----
Maces & Flails | 6 7 8 10 11 | 11.8
Shields        | 7 9 12 13 | 13.8
Spellcasting   | 4 5 6 7 |  7.5
Translocations | 5 6 8 |  8.0
Air Magic      | 3 4 5 6 7 |  7.7
Invocations    | 4 5 6 8 |  8.0
Evocations     | 4 5 6 8 |  8.0
Fighting       | 3 5 |  5.0
Armour         | 4 6 |  6.0
Dodging        | 2 4 |  4.2
Throwing       | |  0.8

Action                     |  1- 3 |  4- 6 |  7- 9 | 10-12 || total
---------------------------+-------+-------+-------+-------++-------
  Melee: Shillelagh        |     4 |     2 |    38 |    20 ||    64
         Tailslap          |       |       |     5 |     2 ||     7
   Cast: Vhi's Electric Ch |       |       |     7 |     8 ||    15
         Blink             |       |       |     3 |     3 ||     6
  Evoke: Lightning rod     |       |       |     1 |     1 ||     2
         Wand              |       |       |       |     2 ||     2
    Use: Potion            |       |     1 |     8 |     1 ||    10
         Scroll            |       |       |       |     1 ||     1
 Armour: Leather armour    |     2 |       |    11 |     9 ||    22
  Dodge: Dodged            |     3 |       |    21 |    29 ||    53
  Block: Kite shield       |       |       |    61 |    35 ||    96

Table legend: (Time is in decaauts)
 A = Elapsed time spent in this place.
 B = Non-inter-level travel time spent in this place.
 C = Inter-level travel time spent in this place.
 D = Time resting spent in this place.
 E = Time spent auto-exploring this place.
 F = Levels seen in this place.
 G = Mean time per level.
                   A        B        C        D        E       F      G
               +--------+--------+--------+--------+--------+-----+--------+
         Total |    819 |    795 |     24 |    325 |     55 |   1 |  819.0 |
       Dungeon |    819 |    795 |     24 |    325 |     55 |   1 |  819.0 |
               +--------+--------+--------+--------+--------+-----+--------+

Top non-repeatable levels by time:
       D: 819 daAuts
